 Dungeon Crawl Stone Soup version 0.32-a0-17-gb74e046682 (webtiles) character file.

Game seed: 18190879426971686665

62829 tilp the Jinx (level 14, -3/115 HPs)
             Began as a Vampire Enchanter on Jan 14, 2024.
             Was the Champion of Wu Jian.
             Slain by Jorgrun
             ... wielding a staff of earth
              (14 damage)
             ... while petrified by Jorgrun
             ... on level 2 of the Orcish Mines on Jan 15, 2024.
             The game lasted 00:46:45 (21781 turns).

tilp the Jinx (Vampire Enchanter)                  Turns: 21781, Time: 00:46:46

Health: -3/115     AC: 12    Str:  7    XL:     14   Next: 65%
Magic:  32/33      EV: -1    Int: 22    God:    Wu Jian [******]
Gold:   594        SH:  0    Dex: 21    Spells: 3/26 levels left

rFire   . . .        a - +2 dagger (elec)
rCold   . . .        A - +1 buckler {rPois}
rNeg    + + +        K - +0 steam dragon scales
rPois   ∞            E - +1 helmet
rElec   .            Y - +0 cloak
rCorr   .            H - +0 pair of gloves
SInv    +            s - +0 pair of boots
Will    +....        (no amulet)
Stlth   +++++        f - ring of magical power
HPRegen 0.59/turn    v - +6 ring of dexterity
MPRegen 0.23/turn

%: no passive effects
@: petrified, grasped by roots, healing quickly, constricted, studying 2 skills
A: alive, fangs 3, see invisible, vampiric 2
a: Exsanguinate, Renounce Religion, Wall Jump, Serpent's Lash, Heavenly Storm


You were on level 2 of the Orcish Mines.
You worshipped Wu Jian.
Wu Jian was exalted by your worship.
You visited 3 branches of the dungeon, and saw 18 of its levels.
You also visited: Sewer, Ossuary and Gauntlet.

You collected 1448 gold pieces.
You spent 854 gold pieces at shops.

Inventory:

Hand Weapons
 a - a +2 dagger of electrocution (weapon)
 b - a +0 scimitar of flaming
 g - the +4 dagger of Reinforcement {flame, rPois}
   (You bought it in a shop on level 1 of the Dungeon)

   rPois:     It protects you from poison
Missiles
 k - 27 poisoned darts (quivered)
 o - 2 curare-tipped darts
 t - 4 silver javelins
 y - 9 boomerangs
 J - 5 javelins
 L - 3 atropa-tipped darts
Armour
 s - a +0 pair of boots (worn)
 A - a +1 buckler of poison resistance (worn)
 E - a +1 helmet (worn)
 H - a +0 pair of gloves (worn)
 K - +0 steam dragon scales (worn)
 U - a +3 leather armour of fire resistance
 X - a +2 robe of cold resistance
 Y - a +0 cloak (worn)
Jewellery
 f - a ring of magical power (left hand)
 q - a ring of resist corrosion
 v - a +6 ring of dexterity (right hand)
 z - a ring of protection from cold
 M - a ring of magical power
 R - a ring of positive energy
 S - a ring of fire
 W - a ring of protection from cold
Wands
 i - a wand of digging (5)
 u - a wand of paralysis (15)
 w - a wand of flame (3)
 x - a wand of polymorph (4)
 F - a wand of mindburst (7)
 V - a wand of quicksilver (1)
Scrolls
 G - a scroll of fear
 I - 6 scrolls of teleportation
 N - 2 scrolls of vulnerability
 O - 2 scrolls of butterflies
 P - 2 scrolls of fog
 Q - 3 scrolls of amnesia
 Z - a scroll of poison
Potions
 c - a potion of invisibility
 d - 3 potions of magic
 e - 4 potions of mutation
 h - 5 potions of lignification
 j - 4 potions of resistance
 l - 5 potions of haste
 m - 2 potions of cancellation
 n - 2 potions of attraction
 p - 8 potions of curing
 r - 6 potions of berserk rage
 B - a potion of heal wounds
 C - a potion of enlightenment {unknown}
 T - 7 potions of ambrosia
Miscellaneous
 D - a phantom mirror


   Skills:
 - Level 12.0 Fighting
 - Level 3.7(10.4) Short Blades
 - Level 13.8(14.0) Long Blades
 + Level 6.6 Armour
 * Level 9.8 Dodging
 - Level 12.0 Stealth
 - Level 2.0 Shields
 + Level 6.8 Spellcasting
 - Level 4.0 Conjurations
 * Level 13.9 Hexes
 - Level 2.0 Ice Magic
 + Level 2.5 Alchemy
 - Level 4.0 Evocations


You had 3 spell levels left.
You knew the following spells:

 Your Spells              Type           Power      Damage    Failure   Level
a - Ensorcelled Hibernat  Hex/Ice        84%        N/A       1%          2
b - Confusing Touch       Hex            62%        N/A       1%          3
c - Tukima's Dance        Hex            62%        N/A       1%          3
d - Dazzling Flash        Conj/Hex       94%        N/A       1%          3
e - Yara's Violent Unrav  Hex/Alch       21%        3d10      13%         5
f - Enfeeble              Hex            31%        N/A       36%         7

Your spell library contained the following spells:

 Spells                   Type           Power      Damage    Failure   Level
 Jinxbite                 Hex            100%       N/A       1%          2
 Sigil of Binding         Hex            62%        N/A       1%          3
 Static Discharge         Conj/Air       32%        3-5/arc   9%          2
 Apportation              Tloc           14%        N/A       14%         1
 Necrotise                Necr           28%        1d5       14%         1
 Frozen Ramparts          Ice            32%        1d5       19%         3
 Call Canine Familiar     Summ           7%         N/A       38%         3
 Gell's Gravitas          Tloc           7%         N/A       38%         3
 Passwall                 Erth           7%         N/A       38%         3
 Swiftness                Air            7%         N/A       38%         3
 Teleport Other           Tloc           7%         N/A       38%         3
 Vampiric Draining        Necr           7%         2d6       38%         3
 Volatile Blastmotes      Fire/Tloc      14%        2d11      38%         3
 Dimensional Bullseye     Hex/Tloc       19%        N/A       8%          4
 Metabolic Englaciation   Hex/Ice        21%        N/A       14%         5
 Leda's Liquefaction      Alch/Erth      6%         N/A       63%         4
 Petrify                  Alch/Erth      13%        N/A       63%         4
 Airstrike                Air            3%         2d(1-17)  80%         4
 Animate Dead             Necr           7%         N/A       80%         4
 Martyr's Knell           Necr/Summ      7%         N/A       80%         4
 Passage of Golubria      Tloc           7%         N/A       80%         4
 Summon Lightning Spire   Summ/Air       7%         N/A       80%         4
 Alistair's Intoxication  Alch           12%        N/A       80%         5
 Borgnjor's Vile Clutch   Necr/Erth      3%         N/A       98%         5
 Curse of Agony           Necr           7%         N/A       98%         5
 Summon Forest            Summ/Tloc      3%         N/A       98%         5
 Death Channel            Necr           3%         N/A       100%        6
 Dispersal                Tloc           3%         N/A       100%        6


Dungeon Overview and Level Annotations

Branches:
Dungeon (11/15)            Temple (0/1) D:5            Lair (5/5) D:10
  Swamp (0/4) Lair:3        Snake (0/4) Lair:2        Slime (0/5) Lair:4
    Orc (2/2) D:9           Sewer (visited)         Ossuary (visited)
Gauntlet (visited)
    Elf: Orc:2

Altars:
Dithmenos
Fedhas
Nemelex Xobeh
Okawaru
Trog
Uskayaw
Wu Jian
Xom
Yredelemnul
Jiyva

Shops:
D:1 *   Orc:1 *

Annotations:
D:6 3 runed translucent doors, GrimJard's ghost, novice FoFi; PanSaczeczos's ghost, novice HOEE; Storm's ghost, novice MiFi; Takeo's ghost, novice DrSh
Lair:3 1 runed translucent door, Pinugh's ghost, journeyman GnHu
Lair:5 vault unfinished. Dancing chaos battleaxe!, 1 exclusion
Orc:2 Jorgrun


Innate Abilities, Weirdness & Mutations

Your natural rate of healing is accelerated.
You have razor-sharp teeth.
You have supernaturally acute eyesight. (SInv)
You are afflicted with vampirism and can become a bat while bloodless.


Message History

The orc hits you with a +0 mace.
The orc warrior hits you with a +0 war axe.
The orc hits you with a +0 dagger. The orc hits you but does no damage. x2
The orc warrior hits you but does no damage.
Jorgrun points at you and mumbles some strange words.
The iron shot hits you!!!
* * * LOW HITPOINT WARNING * * *
The orc hits you with a +0 hand axe.
* * * LOW HITPOINT WARNING * * *
The orc hits you with a +0 dagger.
* * * LOW HITPOINT WARNING * * *
The orc hits you with a +0 mace.
* * * LOW HITPOINT WARNING * * *
The orc priest mumbles some strange prayers to Beogh against you.
Beogh smites you!
* * * LOW HITPOINT WARNING * * *
The orc warrior hits you with a +0 war axe.
* * * LOW HITPOINT WARNING * * *
Jorgrun hits you but does no damage. The ground beneath you fractures.
* * * LOW HITPOINT WARNING * * *
The orc hits you with a +0 dagger. The orc hits you with a +0 hand axe.
* * * LOW HITPOINT WARNING * * *
The orc hits you but does no damage.
The orc warrior hits you with a +0 war axe.
* * * LOW HITPOINT WARNING * * *
Jorgrun casts a spell at you.
Roots burst forth from the earth!
The grasping roots grab you! The grasping roots constrict you!
* * * LOW HITPOINT WARNING * * *
The orc hits you but does no damage. The orc hits you with a +0 hand axe.
* * * LOW HITPOINT WARNING * * *
The orc hits you with a +0 mace.
The orc priest hits you with a +0 dagger.
* * * LOW HITPOINT WARNING * * *
The orc warrior hits you but does no damage.
Jorgrun hits you with a staff of earth!
* * * LOW HITPOINT WARNING * * *
The ground beneath you fractures!!
You die...

...#.. ......##
##..#..##........
#........#.......
......$.........
#..............
##.#.............
#.$.#.#..........
......ogo........
......o@o........
#.#....o.........
#..............
##.##..........
#.. #..##......
## ...# ......
.... ....# ....
..


You could see Jorgrun, an orc warrior, an orc priest and 3 orcs.

Vanquished Creatures
  Gastronok (D:11)
  A minotaur (Gauntlet)
  The ghost of Geadair the Necromancer, a journeyman DsNe of Yredelemnul (Lair:5)
  Josephine (Orc:1)
  4 hydras
  Fannar (D:11)
  2 catoblepae (Lair:4)
  3 two-headed ogres
  4 death yaks (Lair:5)
  4 boulder beetles
  Amaemon (D:9)
  5 skysharks
  A fire crab (Lair:5)
  An orc knight (Orc:1)
  An ugly thing (D:11)
  An orc sorcerer (Orc:1)
  Maurice (D:11)
  A manticore (D:8)
  2 lightning spires (Gauntlet)
  3 large abominations (Gauntlet)
  5 elephants (Lair:5)
  Joseph (D:8)
  15 black mambas
  An apocalypse crab (Gauntlet)
  2 gargoyles
  2 torpor snails (Lair:4)
  An unseen horror (D:11)
  An orange demon (D:10)
  9 cane toads
  8 komodo dragons
  2 rime drakes
  2 kobold demonologists
  An efreet (D:11)
  A tengu conjurer (D:8)
  An ice devil (Gauntlet)
  A queen bee (D:10)
  3 trolls
  3 polar bears
  30 blink frogs
  2 raiju (Gauntlet)
  5 dream sheep (Lair:3)
  Prince Ribbit (D:5)
  6 wyverns
  A vampire (D:9)
  23 yaks
  3 wraiths (Orc:1)
  4 basilisks
  2 vampire mosquitoes (D:11)
  2 steam dragons (D:8)
  2 wargs (Orc:1)
  Edmund (D:5)
  2 acid dragons
  17 water moccasins
  14 orc warriors
  2 ice beasts (D:5)
  A swamp drake (D:9)
  A black bear (D:8)
  7 ogres
  11 small abominations (Gauntlet)
  14 wolves
  A centaur (D:9)
  A phantom (D:7)
  An elf zombie (Ossuary)
  12 bullfrogs
  4 kobold brigands
  2 weeping skulls (Ossuary)
  4 scorpions
  5 wights
  40 killer bees
  4 howler monkeys
  An electric eel (Lair:2)
  A bombardier beetle (D:6)
  A lava snake (Lair:2)
  2 hounds
  4 jellies
  8 orc priests
  A centaur zombie (Ossuary)
  5 iguanas
  10 orc wizards
  5 hell rats
  2 howler monkey zombies (Ossuary)
  2 mummies (Ossuary)
  6 adders
  3 gnolls (D:2)
  3 river rats
  A shadow imp (D:7)
  7 white imps
  2 ufetubi (D:6)
  An adder zombie (Ossuary)
  2 dart slugs (D:3)
  5 ribbon worms
  52 orcs
  10 ball pythons
  12 endoplasms
  7 giant cockroaches
  5 hobgoblins
  8 jackals
  3 quokkas
  5 bats
  5 frilled lizards
  12 goblins
  23 kobolds
  10 rats
547 creatures vanquished.

Vanquished Creatures (collateral kills)
  5 wights
5 creatures vanquished.

Vanquished Creatures (others)
  A dancing weapon (D:8)
  An orc wizard (D:9)
2 creatures vanquished.

Grand Total: 554 creatures vanquished

Notes
Turn   | Place    | Note
-------+----------+-------------------------------------------
     0 | D:1      | tilp the Vampire Enchanter began the quest for the Orb.
     0 | D:1      | Reached XP level 1. HP: 13/13 MP: 3/3
   277 | D:1      | Found Nariq's Assorted Antiques.
   282 | D:1      | Reached XP level 2. HP: 20/20 MP: 5/5
   288 | D:1      | Learned a level 2 spell: Ensorcelled Hibernation
   768 | D:1      | Gained mutation: You are afflicted with vampirism and can
                  | become a bat while bloodless. [Vampire growth]
   768 | D:1      | Reached XP level 3. HP: 25/25 MP: 6/6
   772 | D:1      | Learned a level 3 spell: Confusing Touch
   884 | D:2      | Reached skill level 1 in Long Blades
   979 | D:2      | Reached skill level 5 in Hexes
  1415 | D:2      | Reached skill level 1 in Fighting
  1422 | D:2      | Reached XP level 4. HP: 32/32 MP: 7/7
  2004 | D:1      | Bought a murky red potion for 19 gold pieces
  2004 | D:1      | Bought a scroll labelled ARHODY MOFAIMP for 22 gold pieces
  2004 | D:1      | Bought an orange potion for 19 gold pieces
  2118 | D:3      | Reached skill level 5 in Stealth
  2121 | D:3      | Found a glowing drain.
  2151 | D:3      | Reached skill level 1 in Ice Magic
  2151 | D:3      | Reached XP level 5. HP: 22/37 MP: 8/8
  2181 | Sewer    | Entered a sewer
  2609 | Sewer    | Reached XP level 6. HP: 44/44 MP: 9/9
  2681 | Sewer    | Found a shimmering altar of Xom.
  2815 | D:3      | Learned a level 3 spell: Tukima's Dance
  3163 | D:3      | Found a basalt altar of Yredelemnul.
  3164 | D:3      | Found an iron altar of Okawaru.
  3165 | D:3      | Found a blossoming altar of Fedhas.
  3165 | D:3      | Found an ornate altar of the Wu Jian Council.
  3227 | D:3      | Became a worshipper of the Wu Jian Council
  3425 | D:4      | Found a sand-covered staircase.
  3440 | Ossuary  | Entered an ossuary
  3440 | Ossuary  | Found a huge runed translucent gate.
  3440 | Ossuary  | Found a huge runed translucent gate.
  3440 | Ossuary  | Found a huge runed translucent gate.
  3440 | Ossuary  | Found a huge runed translucent gate.
  3440 | Ossuary  | Found a huge runed translucent gate.
  3440 | Ossuary  | Found a huge runed translucent gate.
  3440 | Ossuary  | Found a huge runed translucent gate.
  3440 | Ossuary  | Found a huge runed translucent gate.
  3441 | Ossuary  | Found a huge runed translucent gate.
  3441 | Ossuary  | Found a huge runed translucent gate.
  3442 | Ossuary  | Found a huge runed translucent gate.
  3442 | Ossuary  | Found a huge runed translucent gate.
  3443 | Ossuary  | Found a huge runed translucent gate.
  3444 | Ossuary  | Found a huge runed translucent gate.
  3444 | Ossuary  | Found a huge runed translucent gate.
  3477 | Ossuary  | Found a huge runed translucent gate.
  3477 | Ossuary  | Found a huge runed translucent gate.
  3477 | Ossuary  | Found a huge runed translucent gate.
  3477 | Ossuary  | Found a huge runed translucent gate.
  3485 | Ossuary  | Found a huge runed translucent gate.
  3502 | Ossuary  | Found a huge runed translucent gate.
  3502 | Ossuary  | Found a huge runed translucent gate.
  3508 | Ossuary  | Found a huge runed translucent gate.
  3508 | Ossuary  | Found a huge runed translucent gate.
  3509 | Ossuary  | Found a huge runed translucent gate.
  3509 | Ossuary  | Found a huge runed translucent gate.
  3510 | Ossuary  | Found a huge runed translucent gate.
  3510 | Ossuary  | Found a huge runed translucent gate.
  3512 | Ossuary  | Found a huge runed translucent gate.
  3512 | Ossuary  | Found a huge runed translucent gate.
  3519 | Ossuary  | Found a huge runed translucent gate.
  3519 | Ossuary  | Found a huge runed translucent gate.
  3519 | Ossuary  | Found a huge runed translucent gate.
  3519 | Ossuary  | Found a huge runed translucent gate.
  3519 | Ossuary  | Found a huge runed translucent gate.
  3578 | Ossuary  | Reached XP level 7. HP: 38/51 MP: 11/11
  3819 | D:1      | Bought a bone dagger for 154 gold pieces
  3819 | D:1      | Identified the +4 dagger of Reinforcement {flame, rPois}
                  | (You bought it in a shop on level 1 of the Dungeon)
  3882 | D:4      | Learned a level 3 spell: Dazzling Flash
  4223 | D:4      | Found a hide-covered altar of Uskayaw.
  4486 | D:4      | Found a bloodstained altar of Trog.
  4693 | D:5      | Entered Level 5 of the Dungeon
  4836 | D:5      | Reached XP level 8. HP: 58/58 MP: 12/12
  4931 | D:5      | Found a sparkling altar of Nemelex Xobeh.
  4955 | D:5      | Reached skill level 1 in Conjurations
  4995 | D:5      | Found a staircase to the Ecumenical Temple.
  4996 | D:5      | Noticed Prince Ribbit
  5006 | D:5      | Killed Prince Ribbit
  5065 | D:5      | Reached skill level 1 in Evocations
  5071 | D:5      | Reached * piety under Wu Jian
  5272 | D:5      | Noticed Edmund
  5278 | D:5      | Killed Edmund
  5568 | D:6      | Found a shadowy altar of Dithmenos.
  5724 | D:6      | Reached XP level 9. HP: 65/65 MP: 14/14
  6205 | D:6      | Found a runed translucent gate.
  6205 | D:6      | Found a runed translucent gate.
  6205 | D:6      | Found a runed translucent gate.
  6205 | D:6      | Noticed Storm's ghost (novice MiFi)
  6206 | D:6      | Noticed GrimJard's ghost (novice FoFi)
  6211 | D:6      | Noticed Takeo's ghost (novice DrSh)
  6213 | D:6      | Noticed PanSaczeczos's ghost (novice HOEE)
  6326 | D:7      | Reached skill level 5 in Long Blades
  6611 | D:7      | Reached ** piety under Wu Jian
  6822 | D:7      | Reached skill level 5 in Fighting
  7114 | D:8      | Noticed Joseph
  7118 | D:8      | Killed Joseph
  7119 | D:8      | Reached skill level 5 in Dodging
  7304 | D:8      | Reached skill level 10 in Hexes
  7304 | D:8      | Reached XP level 10. HP: 74/74 MP: 16/16
  7819 | D:8      | Noticed a two-headed ogre
  7825 | D:8      | Killed a two-headed ogre
  7826 | D:8      | Reached skill level 1 in Armour
  7838 | D:8      | Noticed a manticore
  7958 | D:8      | Killed a manticore
  8003 | D:8      | Reached skill level 5 in Spellcasting
  8412 | D:9      | Reached *** piety under Wu Jian
  9133 | D:9      | Found a staircase to the Orcish Mines.
  9307 | D:9      | Reached skill level 10 in Stealth
  9583 | D:9      | Found a shimmering altar of Xom.
  9718 | D:10     | Entered Level 10 of the Dungeon
  9885 | D:10     | Noticed a two-headed ogre
  9906 | D:10     | Noticed a gargoyle
  9907 | D:10     | Noticed an orange demon
  9908 | D:10     | Noticed Amaemon
  9918 | D:9      | Killed a gargoyle
  9919 | D:9      | Reached XP level 11. HP: 58/81 MP: 18/18
 10490 | D:10     | Reached **** piety under Wu Jian
 10497 | D:9      | Killed Amaemon
 10529 | D:10     | Killed a two-headed ogre
 10530 | D:10     | Reached skill level 10 in Long Blades
 10713 | D:10     | HP: 3/81 [killer bee (11)]
 10875 | Orc:1    | Entered Level 1 of the Orcish Mines
 10969 | D:10     | Found a staircase to the Lair.
 11647 | D:11     | Noticed a boulder beetle
 11826 | D:11     | Killed a boulder beetle
 11841 | D:11     | Noticed Fannar
 11847 | D:11     | Killed Fannar
 11862 | D:11     | Noticed a brown ugly thing
 11869 | D:11     | Killed a brown ugly thing
 11946 | D:11     | Noticed Gastronok
 11958 | D:11     | Killed Gastronok
 11975 | D:11     | Noticed a two-headed ogre
 11979 | D:11     | Killed a two-headed ogre
 11999 | D:11     | Reached XP level 12. HP: 88/88 MP: 19/19
 12013 | D:11     | Noticed a boulder beetle
 12014 | D:11     | Noticed Maurice
 12018 | D:11     | Killed a boulder beetle
 12024 | D:11     | Killed Maurice
 12179 | D:11     | Upgraded the game from 0.32-a0-12-g7fc57aa741 to
                  | 0.32-a0-17-gb74e046682
 12226 | Lair:1   | Entered Level 1 of the Lair of Beasts
 12609 | Lair:1   | Identified the +0 scale mail of the Invisible Hand {rC-
                  | Will++}
 13184 | Lair:2   | Found a staircase to the Snake Pit.
 13232 | Lair:2   | Reached skill level 5 in Armour
 13235 | Lair:2   | Reached ***** piety under Wu Jian
 14876 | Lair:3   | Reached XP level 13. HP: 101/101 MP: 21/21
 14877 | Lair:3   | Found a staircase to the Swamp.
 15439 | Lair:3   | Identified the +0 chain mail of Ulaeleed {rN+}
 15445 | Lair:3   | Found a runed translucent door.
 16094 | Lair:3   | Noticed Pinugh's ghost (journeyman GnHu)
 16553 | Lair:4   | Found a viscous altar of Jiyva.
 16553 | Lair:4   | Found a staircase to the Slime Pits.
 17026 | Lair:4   | Reached skill level 10 in Fighting
 17245 | Lair:4   | Identified the +6 flail "Riemaokk" {flame, ^Drain Dex+3}
 17368 | Lair:5   | Entered Level 5 of the Lair of Beasts
 17560 | Lair:5   | Found a runed translucent door.
 17683 | Lair:5   | Found a gate leading to a gauntlet.
 17699 | Gauntlet | Entered a Gauntlet
 17699 | Gauntlet | Found a transporter.
 17749 | Gauntlet | Found a runed translucent door.
 17752 | Gauntlet | Found a transporter.
 17753 | Gauntlet | Found a transporter.
 17754 | Gauntlet | Found a transporter.
 17765 | Gauntlet | Found a transporter.
 17765 | Gauntlet | Found a transporter.
 17766 | Gauntlet | Found a transporter.
 17775 | Gauntlet | Found a transporter.
 17778 | Gauntlet | Found a transporter.
 17779 | Gauntlet | Found a transporter.
 17783 | Gauntlet | Found a runed translucent door.
 17787 | Gauntlet | Found a transporter.
 17789 | Gauntlet | Found a runed translucent door.
 17790 | Gauntlet | Found a transporter.
 17791 | Gauntlet | Found a transporter.
 17800 | Gauntlet | Found a transporter.
 18113 | Gauntlet | Reached XP level 14. HP: 22/111 MP: 23/23
 18124 | Gauntlet | HP: 3/111 [small abomination (13)]
 18406 | Gauntlet | Reached ****** piety under Wu Jian
 18422 | Gauntlet | Identified the +0 pair of gloves "Pyuwadu" {rN+}
 18439 | Gauntlet | Identified the +8 trident "Docviciff" {venom, *Noise Str+3
                  | Int+7 Dex+3}
 18448 | Gauntlet | Got Denos's Thoughts on Transportation
 18456 | Gauntlet | Identified the +0 robe "Paranergh" {rC- Will+++ rCorr
                  | Int-4}
 18500 | Gauntlet | Learned a level 5 spell: Yara's Violent Unravelling
 18508 | Gauntlet | Learned a level 7 spell: Enfeeble
 19162 | Lair:5   | Reached skill level 1 in Alchemy
 19337 | Lair:5   | Reached skill level 1 in Shields
 19551 | Lair:5   | Found a shimmering altar of Xom.
 19551 | Lair:5   | Noticed Geadair's ghost (journeyman DsNe)
 19552 | Lair:5   | Identified the +0 battleaxe of the Hurting Stoat {chaos,
                  | Str+6}
 19575 | Lair:5   | Identified the +7 long sword of Raaceutz {holy, Will+ Str+3
                  | Dex+3 Stlth+}
 20223 | Lair:5   | Killed Geadair's ghost
 20623 | Orc:1    | Noticed Josephine
 20677 | Orc:1    | Killed Josephine
 20742 | Orc:1    | Found the +15 Maxwell's patent armour {-Cast -Tele rElec
                  | Will+ rCorr}
 21370 | Orc:1    | Found Berogoos's Gadget Gallery.
 21497 | Orc:1    | Bought a phantom mirror for 640 gold pieces
 21767 | Orc:2    | Entered Level 2 of the Orcish Mines
 21767 | Orc:2    | Noticed Jorgrun
 21781 | Orc:2    | Slain by Jorgrun

Illustrated notes

Levels and vault maps discovered:
D:1:      minmay_arrival_solitary_statue, layout_loops_ring, serial_shops, shop
D:2:      layout_basic
D:3:      layout_rooms, mainiacjoe_overflow_alcove_3, portal_sewer_entry_b,
          chequers_big_river, minmay_misc_feat_tiny, nicolae_titane
D:4:      layout_basic, trog_butcher_becter, lemuel_crystal_altar,
          enter_ossuary_3
D:5:      layout_basic, nemelex_xobeh_ov_fountains_minmay,
          minmay_temple_entry_statues, uniq_prince_ribbit1, uniq_edmund
D:6:      layout_basic, mainiacjoe_overflow_paths, gammafunk_ghost_cemetery
D:7:      layout_rooms, nrook_mini_vaults
D:8:      layout_loops_corners, minmay_manual_maat, uniq_joseph
D:9:      layout_stronghold, kennysheep_mini_moat, erik_orc_1
D:10:     nicolae_hitomezashi [nicolae_hito_row, nicolae_hito_row,
          nicolae_hito_row, nicolae_hito_row, nicolae_hito_row,
          nicolae_hito_row, nicolae_hito_row, nicolae_hito_row,
          nicolae_hito_row, nicolae_hito_row, nicolae_hito_row,
          nicolae_hito_row, nicolae_hito_row, nicolae_hito_row,
          nicolae_hito_row, nicolae_hito_row, nicolae_hito_row,
          nicolae_hito_row], layout_basic, dpeg_oklobed_lair, special_room
          [special_room_bee], uniq_amaemon
D:11:     layout_gridville, uniq_fannar, uniq_maurice, uniq_gastronok
Lair:1:   layout_cave_pods
Lair:2:   layout_gridlike, minmay_snake_entry_six_corridors,
          nicolae_lair_lil_pond, guppyfry_lair_drakes
Lair:3:   layout_layer_cave, swamp_mist, ebering_ghost_reflecting_pool
Lair:4:   nzn_winding_woodlands_small [nzn_winding_woodlands_5x15_pockets,
          nzn_winding_woodlands_center_pierced_h,
          nzn_winding_woodlands_5x15_split_checker], layout_regular_city,
          slime_entry_1, chequers_serial_rivers_micro_e,
          grunt_forest_small_clearing_treed
Lair:5:   cheibrodos_lair_end_hotspot, layout_gridlike, gauntlet_entry_generic,
          ebering_ghost_xom
Orc:1:    layout_caves, dreamdust_deal_with_the_devil, nicolae_shop_gadgets,
          uniq_josephine
Orc:2:    grunt_orc_gardens, layout_caves, grunt_orc_garden, grunt_orc_garden,
          grunt_orc_garden, grunt_orc_garden, uniq_jorgrun

Skill      XL: |  1  2  3  4  5  6  7  8  9 10 11 12 13 14 |
---------------+-------------------------------------------+-----
Long Blades    | 1 2 3 4 6 8 13 | 13.8
Hexes          | 5 6 7 8 10 12 13 | 13.9
Fighting       | 1 2 3 4 5 6 9 10 12 | 12.0
Stealth        | 5 6 7 8 10 11 12 | 12.0
Ice Magic      | 1 2 |  2.0
Short Blades   | 2 3 |  3.7
Dodging        | 3 4 5 6 8 9 |  9.8
Spellcasting   | 3 4 5 6 |  6.8
Conjurations   | 1 2 3 4 |  4.0
Evocations     | 1 2 4 |  4.0
Armour         | 3 5 6 |  6.6
Alchemy        | 2 |  2.5
Shields        | 2 |  2.0

Action                     |  1- 3 |  4- 6 |  7- 9 | 10-12 | 13-15 || total
---------------------------+-------+-------+-------+-------+-------++-------
  Melee: Dagger            |   112 |   195 |   200 |   344 |   511 ||  1362
         Bite              |     9 |    22 |    15 |    28 |   102 ||   176
         Punch             |       |     2 |     2 |       |     4 ||     8
         Scimitar          |       |       |       |     7 |    64 ||    71
  Throw: Dart              |       |     2 |       |     1 |     2 ||     5
   Cast: Ensorcelled Hiber |    17 |    30 |    55 |   177 |   165 ||   444
         Confusing Touch   |       |     5 |    13 |    17 |    34 ||    69
         Tukima's Dance    |       |       |     5 |     6 |     3 ||    14
         Dazzling Flash    |       |       |       |     7 |    22 ||    29
Ability: Lunge             |       |     3 |    27 |    60 |    50 ||   140
         Whirlwind         |       |       |     1 |    17 |    13 ||    31
         Wall Jump         |       |       |       |       |     1 ||     1
  Evoke: Wand              |       |       |       |     2 |    10 ||    12
    Use: Scroll            |       |    10 |     7 |     6 |     7 ||    30
         Potion            |       |       |       |     1 |     7 ||     8
   Stab: Sleeping          |    22 |    29 |    55 |   129 |   105 ||   340
         Distracted        |     1 |     2 |       |       |     1 ||     4
         Confused          |       |     4 |    11 |    11 |    30 ||    56
         Invisible         |       |       |       |     5 |    27 ||    32
 Armour: Robe              |    46 |    73 |    66 |       |     3 ||   188
         Steam dragon scal |       |       |       |   188 |   304 ||   492
  Dodge: Dodged            |    64 |    95 |    85 |   329 |   312 ||   885
  Block: Buckler           |       |       |       |       |    87 ||    87

Table legend: (Time is in decaauts)
 A = Elapsed time spent in this place.
 B = Non-inter-level travel time spent in this place.
 C = Inter-level travel time spent in this place.
 D = Time resting spent in this place.
 E = Time spent auto-exploring this place.
 F = Levels seen in this place.
 G = Mean time per level.
                   A        B        C        D        E       F      G
               +--------+--------+--------+--------+--------+-----+--------+
         Total |  21445 |  20283 |   1162 |   3235 |  12734 |  21 | 1021.2 |
       Dungeon |  11316 |  10495 |    821 |   1201 |   7282 |  11 | 1028.7 |
          Lair |   7321 |   7069 |    252 |   1179 |   4578 |   5 | 1464.2 |
  Orcish Mines |   1190 |   1102 |     88 |    415 |    433 |   2 |  595.0 |
         Sewer |    559 |    559 |      0 |    156 |    196 |   1 |  559.0 |
       Ossuary |    292 |    292 |      0 |     98 |     40 |   1 |  292.0 |
      Gauntlet |    765 |    765 |      0 |    185 |    205 |   1 |  765.0 |
               +--------+--------+--------+--------+--------+-----+--------+

Top non-repeatable levels by time:
     D:9: 2176 daAuts
  Lair:4: 1863 daAuts
  Lair:5: 1548 daAuts
  Lair:3: 1517 daAuts
  Lair:2: 1442 daAuts
     D:8: 1183 daAuts
   Orc:1: 1176 daAuts
     D:2: 1107 daAuts
     D:1: 1085 daAuts
    D:10: 986 daAuts
  Lair:1: 950 daAuts
     D:6: 860 daAuts
     D:4: 826 daAuts
     D:3: 819 daAuts
    D:11: 780 daAuts
